 Dungeon Crawl Stone Soup version 0.19.4 (webtiles) character file.

10362 protoss039 the Cleaver (level 11, -5/91 HPs)
             Began as a Centaur Fighter on Feb 3, 2017.
             Was an Elder of Okawaru.
             Slain by a killer bee (7 damage)
             ... on level 10 of the Dungeon.
             The game lasted 01:07:38 (17284 turns).

protoss039 the Cleaver (Centaur Fighter)           Turns: 17284, Time: 01:07:38

Health: -5/91      AC: 20    Str: 27    XL:     11   Next: 35%
Magic:  13/15      EV:  7    Int:  7    God:    Okawaru [****..]
Gold:   463        SH:  0    Dex:  9    Spells: 1 memorised, 8 levels left

rFire  + . .     SeeInvis .     K - +5 battleaxe
rCold  . . .     Gourm    .     p - +0 plate armour
rNeg   . . .     Faith    .     (shield currently unavailable)
rPois  .         Spirit   .     y - +2 hat
rElec  .         Reflect  .     x - +2 cloak
rCorr  .         Harm     .     k - +0 pair of gloves
MR     .....     Rnd*Tele +     (no barding)
Stlth  ..........               (no amulet)
                                (no ring)
                                (no ring)

@: mighty, lethally poisoned (-5 -> -17), heroism, very slightly contaminated,
invisible, very quick
A: hooves 3, rugged brown scales 1, blurry vision 1, deformed body, fire
resistance 1, speed 2, teleportitis 1, tough skin 3
a: Heroism, Renounce Religion


You were on level 10 of the Dungeon.
You worshipped Okawaru.
Okawaru was greatly pleased with you.
You were not hungry.

You visited 2 branches of the dungeon, and saw 11 of its levels.

You collected 463 gold pieces.

Inventory:

Hand Weapons
 J - a +0 shortbow
 K - a +5 battleaxe (weapon)
Missiles
 b - 134 arrows (quivered)
 E - 68 bolts
Armour
 k - a +0 pair of gloves (worn)
 p - a +0 plate armour (worn)
 x - a +2 cloak (worn)
 y - a +2 hat (worn)
 A - a +0 troll leather armour
Jewellery
 a - an uncursed ring of magical power
Wands
 v - a wand of lightning (3/15)
Scrolls
 c - a scroll of acquirement {unknown}
 d - a scroll of fear
 g - 3 scrolls of fog
 h - 6 scrolls of remove curse
 l - 2 scrolls of blinking
 n - 6 scrolls of identify
 o - 6 scrolls of magic mapping
 q - 6 scrolls of teleportation
 r - a scroll of enchant armour {unknown}
 B - a scroll of enchant weapon
Potions
 e - a potion of brilliance
 j - a potion of haste
 m - 3 potions of flight
 t - a potion of agility
 C - a potion of might
Books
 i - a book of Dreams

   Spells                             Type                      Level
   a - Ensorcelled Hibernation        Hexes/Ice                    2
   b - Silence                        Hexes/Air                    5
   c - Darkness                       Hexes                        6
   d - Shadow Creatures               Summoning                    6
 s - a book of Clouds

   Spells                             Type                      Level
   a - Mephitic Cloud                 Conjuration/Poison/Air       3
   b - Conjure Flame                  Conjuration/Fire             3
   c - Poisonous Cloud                Conjuration/Poison/Air       6
   d - Freezing Cloud                 Conjuration/Ice/Air          6
   e - Ring of Flames                 Charms/Fire                  7
 D - a book of Minor Magic

   Spells                             Type                      Level
   a - Magic Dart                     Conjuration                  1
   b - Blink                          Translocation                2
   c - Call Imp                       Summoning                    2
   d - Repel Missiles                 Charms/Air                   2
   e - Slow                           Hexes                        2
   f - Conjure Flame                  Conjuration/Fire             3
   g - Mephitic Cloud                 Conjuration/Poison/Air       3
Comestibles
 f - 12 bread rations
 u - 9 meat rations
 w - 2 beef jerkies


   Skills:
 + Level 6.0(11.0) Fighting
 + Level 10.4(15.4) Axes
   Level 0.3(11.5) Maces & Flails
 * Level 9.0(14.0) Bows
 * Level 5.4(10.4) Throwing
 - Level 5.1(10.1) Armour
   Level 4.4(9.4) Shields
 - Level 1.5 Charms
 - Level 1.0 Air Magic
 * Level 5.5 Invocations
 - Level 0.3 Evocations


You had 8 spell levels left.
You knew the following spells:

 Your Spells              Type           Power        Failure   Level  Hunger
a - Repel Missiles        Chrm/Air       #.....       100%        2    ###....


Dungeon Overview and Level Annotations

Branches:
Dungeon (10/15)            Temple (1/1) D:5            Lair (0/6) D:9
    Orc: D:9-12

Altars:
Ashenzari
Cheibriados
Dithmenos
Elyvilon
Fedhas
Gozag
Hepliaklqana
Kikubaaqudgha
Makhleb
Nemelex Xobeh
Okawaru
Qazlal
Ru
Sif Muna
Trog
Uskayaw
Vehumet
Xom
Yredelemnul
Zin
The Shining One

Shops:
D:4 [

Annotations:
D:3 Exporg's ghost, amateur MiFi


Innate Abilities, Weirdness & Mutations

You have hooves in place of feet.
Armour fits poorly on your strangely shaped body.
You cover ground very quickly.
You have extremely tough skin. (AC +3)
You are partially covered in rugged brown scales. (AC +1, +3% HP)
Scrolls take you a little longer to read.
Your flesh is heat resistant. (rF+)
You are occasionally teleported next to monsters.


Message History

You feel sick.
The killer bee stings you but does no damage. x4
Okay, then.
You gain the combat prowess of a mighty hero.
* * * LOW HITPOINT WARNING * * *
You feel sick. The killer bee barely misses you. x2
The killer bee stings you but does no damage. x2
Unknown command.
Unknown command.
Okay, then.
Unknown command.
You barely miss the killer bee. Your kick misses the killer bee.
The killer bee is moderately wounded.
You closely miss the killer bee.
* * * LOW HITPOINT WARNING * * *
You feel sick. The killer bee stings you.
* * * LOW HITPOINT WARNING * * *
You are more poisoned.
The killer bee poisons you! The killer bee stings you!
You die...

#####................#....#...#..
#................#....'...#.>
#................#...)#...#..
#................#....#...#..
############...#.....#....#...#..
.....#.....#..y#..........#...#..
.....#.....#..O#O...))....#...#..
.....'.....#...#yy........#...#..
.....#.....#...#@.........#...#..
##...#####.#...#....#####+# ###
.........#.....#........#
.........#.....#........#
.........+.....#........#
.........#..(..#........#
.........#.....#........#
.........#.....#........#
#########################


You could see an ogre and 2 killer bees.

Vanquished Creatures
  2 hill giants
  A gargoyle (D:10)
  A two-headed ogre (D:8)
  4 trolls
  2 hippogriffs (D:7)
  Sigmund (D:3)
  A wyvern (D:10)
  A spriggan (D:8)
  A soldier ant (D:10)
  A water moccasin (D:8)
  6 orc warriors
  4 sky beasts
  3 ice beasts
  3 necrophages
  4 ogres
  A crocodile (D:10)
  4 centaurs
  2 big kobolds (D:8)
  A gnoll sergeant (D:4)
  A wyvern zombie (D:8)
  7 bullfrogs
  3 wyvern skeletons
  2 scorpions
  20 killer bees
  17 wights
  3 howler monkeys
  6 crimson imps
  2 centaur zombies
  A quasit (D:9)
  A bullfrog zombie (D:9)
  2 centaur skeletons
  15 orc priests
  4 hounds
  4 jellies
  12 orc wizards
  3 bullfrog skeletons
  2 iguanas
  Terence (D:2)
  13 worker ants
  A hound skeleton (D:9)
  A howler monkey skeleton (D:6)
  8 gnolls
  8 adders
  3 shadow imps
  An ooze (D:3)
  2 adder skeletons
  2 worms
  6 leopard geckos
  48 orcs
  A ball python (D:3)
  6 giant cockroaches
  3 goblins (D:2)
  6 hobgoblins
  15 jackals
  2 quokkas
  4 bats
  3 frilled lizards
  A jackal skeleton (D:5)
  16 kobolds
  A leopard gecko skeleton (D:5)
  A quokka skeleton (D:9)
  8 rats
309 creatures vanquished.

Notes
Turn   | Place    | Note
-------+----------+-------------------------------------------
     0 | D:1      | protoss039 the Centaur Fighter began the quest for the Orb.
     0 | D:1      | Reached XP level 1. HP: 19/19 MP: 1/1
   268 | D:1      | Reached XP level 2. HP: 24/26 MP: 2/2
   525 | D:2      | Noticed Terence
   554 | D:2      | Killed Terence
   554 | D:2      | Reached skill level 2 in Axes
   554 | D:2      | Reached XP level 3. HP: 18/31 MP: 3/3
  1046 | D:2      | Found a snail-covered altar of Cheibriados.
  1255 | D:3      | Gained mutation: Potions and wands are less effective at restoring your health. [potion of mutation]
  1255 | D:3      | Gained mutation: You are clumsy. (Dex -2) [potion of mutation]
  1255 | D:3      | Gained mutation: Your flesh is heat resistant. (rF+) [potion of mutation]
  1293 | D:3      | Reached XP level 4. HP: 38/38 MP: 4/4
  1329 | D:3      | Reached skill level 3 in Axes
  1343 | D:3      | Reached XP level 5. HP: 9/45 MP: 5/5
  1762 | D:3      | Noticed Exporg's ghost (amateur MiFi)
  1775 | D:3      | HP: 1/45 [Exporg's ghost (12)]
  3156 | D:3      | Noticed Sigmund
  3167 | D:3      | Killed Sigmund
  3167 | D:3      | Reached skill level 4 in Axes
  3167 | D:3      | Reached XP level 6. HP: 36/52 MP: 6/6
  3248 | D:3      | Found a faded altar of an unknown god.
  3248 | D:3      | Found a sparkling altar of Nemelex Xobeh.
  3256 | D:3      | Found a glowing silver altar of Zin.
  3258 | D:3      | Found a faded altar of an unknown god.
  3261 | D:3      | Found a white marble altar of Elyvilon.
  3359 | D:4      | Found Otysiqawn's Antique Armour Shop.
  3926 | D:4      | Found a radiant altar of Vehumet.
  3934 | D:4      | Reached skill level 5 in Axes
  3934 | D:4      | Reached XP level 7. HP: 58/58 MP: 7/7
  4427 | D:4      | Reached skill level 6 in Axes
  4612 | D:4      | Found a snail-covered altar of Cheibriados.
  4690 | D:5      | Entered Level 5 of the Dungeon
  4754 | D:5      | Found a staircase to the Ecumenical Temple.
  4762 | Temple   | Entered the Ecumenical Temple
  4909 | Temple   | Became a worshipper of Warmaster Okawaru
  5492 | D:5      | Reached XP level 8. HP: 64/66 MP: 8/8
  5647 | D:5      | Reached skill level 1 in Invocations
  5653 | D:5      | Reached * piety under Okawaru
  5653 | D:5      | Reached skill level 7 in Axes
  5879 | D:5      | Gained mutation: You are occasionally teleported next to monsters. [mutagenic meat]
  5880 | D:5      | Lost mutation: You are clumsy. (Dex -2) [mutagenic meat]
  5881 | D:5      | Lost mutation: Potions and wands are less effective at restoring your health. [mutagenic meat]
  5882 | D:5      | Gained mutation: Scrolls take you a little longer to read. [mutagenic meat]
  5883 | D:5      | Gained mutation: You are partially covered in rugged brown scales. (AC +1, +3% HP) [mutagenic meat]
  6046 | D:5      | Reached skill level 1 in Throwing
  6849 | D:5      | Reached XP level 9. HP: 23/74 MP: 10/10
  7110 | D:6      | Reached skill level 8 in Axes
  7462 | D:6      | Reached ** piety under Okawaru
  7684 | D:6      | Reached skill level 5 in Fighting
  8471 | D:7      | Reached skill level 1 in Bows
  9092 | D:7      | Noticed a troll
  9157 | D:7      | Reached skill level 9 in Axes
  9222 | D:7      | Killed a troll
  9364 | D:7      | Found a shimmering altar of Xom.
  9526 | D:7      | Reached *** piety under Okawaru
  9526 | D:7      | Reached XP level 10. HP: 5/82 MP: 9/12
  9528 | D:7      | HP: 4/82 [poisoned by a killer bee]
  9533 | D:7      | HP: 2/82 [poisoned by a killer bee]
  9538 | D:7      | HP: 1/82 [poisoned by a killer bee]
  9545 | D:7      | HP: 1/82 [poisoned by a killer bee]
  9553 | D:7      | HP: 1/82 [poisoned by a killer bee]
 10978 | D:8      | Reached skill level 10 in Axes
 11441 | D:9      | Noticed a hill giant
 11708 | D:8      | Reached **** piety under Okawaru
 11708 | D:8      | Reached skill level 5 in Armour
 12118 | D:9      | Learned a level 2 spell: Repel Missiles
 12311 | D:8      | Reached skill level 5 in Invocations
 12537 | D:9      | Found a shadowy altar of Dithmenos.
 12607 | D:9      | Reached skill level 1 in Charms
 12759 | D:9      | Reached skill level 5 in Bows
 13219 | D:9      | Killed a hill giant
 13219 | D:9      | Reached skill level 5 in Throwing
 13309 | D:9      | Found an iron altar of Okawaru.
 13310 | D:9      | Found a staircase to the Lair.
 13492 | D:8      | Received a gift from Okawaru
 13492 | D:8      | Reached XP level 11. HP: 36/91 MP: 14/14
 13800 | D:10     | Entered Level 10 of the Dungeon
 14275 | D:8      | Reached skill level 1 in Air Magic
 14814 | D:10     | Noticed a hill giant
 14888 | D:10     | Killed a hill giant
 15938 | D:10     | Got a smoking rapier
 15939 | D:10     | Identified the +7 rapier of Tumult {pierce, Int+5} (You found it on level 10 of the Dungeon)
 17283 | D:10     | HP: 4/91 [poisoned by a killer bee]
 17284 | D:10     | Slain by a killer bee

Skill      XL: |  1  2  3  4  5  6  7  8  9 10 11 |
---------------+----------------------------------+-----
Axes           | 2 3 4 5 6 7 9 10 | 10.4
Shields        | 3 4 |  4.4
Armour         | 3 4 5 |  5.1
Fighting       | 4 5 6 |  6.0
Invocations    | 2 3 5 |  5.5
Throwing       | 2 4 5 |  5.4
Bows           | 3 6 9 |  9.0
Charms         | 1 |  1.5
Air Magic      | 1 |  1.0
Maces & Flails | |  0.3
Evocations     | |  0.3

Action                   |  1- 3 |  4- 6 |  7- 9 | 10-12 || total
-------------------------+-------+-------+-------+-------++-------
Melee: War axe           |   146 |   156 |       |       ||   302
       Kick              |    28 |    37 |   120 |    65 ||   250
       Hand axe          |       |     7 |   446 |       ||   453
       Battleaxe         |       |       |    24 |   326 ||   350
       Morningstar       |       |       |     9 |       ||     9
 Fire: Shortbow          |       |       |    57 |   314 ||   371
Invok: Heroism           |       |       |     1 |     5 ||     6
Evoke: Wand              |       |       |     2 |     6 ||     8
  Use: Scroll            |    10 |     3 |     4 |     5 ||    22
       Potion            |     1 |       |     4 |     5 ||    10
 Stab: Distracted        |       |       |     1 |       ||     1
  Eat: Chunk             |     1 |     6 |    19 |     9 ||    35
       Royal jelly       |       |     1 |       |     1 ||     2
       Fruit             |       |       |       |     3 ||     3
       Pizza             |       |       |       |     2 ||     2
       Bread ration      |       |       |       |     1 ||     1
       Beef jerky        |       |       |       |     1 ||     1
Armor: Scale mail        |     8 |       |       |       ||     8
       Plate armour      |    88 |   136 |   387 |   429 ||  1040
Dodge: Dodged            |     8 |    16 |    76 |   132 ||   232
Block: Shield            |    69 |    79 |   181 |       ||   329
